 Dungeon Crawl Stone Soup version 0.25.1-2-g60ff931df9 (webtiles) character file.

Game seed: 17472741545699818448

82 Cykl0x the Shield-Bearer (level 4, -1/37 HPs)
             Began as a Formicid Fighter on Nov 15, 2020.
             Slain by a worm (7 damage)
             ... on level 2 of the Dungeon.
             The game lasted 00:02:36 (1422 turns).

Cykl0x the Shield-Bearer (Formicid Fighter)         Turns: 1422, Time: 00:02:36

Health: -1/37      AC:  7    Str: 21    XL:     4   Next: 70%
Magic:  4/4        EV:  8    Int:  8    God:
Gold:   71         SH:  9    Dex: 10    Spells: 3/3 levels left

rFire    . . .     SeeInvis +   a - +1 long sword
rCold    . . .     Gourm    .   c - +0 kite shield
rNeg     . . .     Faith    .   b - +0 scale mail
rPois    .         Spirit   .   (helmet unavailable)
rElec    .         Reflect  .   (no cloak)
rCorr    .         Harm     .   (no gloves)
MR       .....                  (no boots)
Stlth    ..........             (no amulet)
HPRegen  0.12/turn              (no ring)
MPRegen  0.09/turn              (no ring)

@: mighty
A: permanent stasis, dig shafts and tunnels, four strong arms, antennae 3
a: Dig, Shaft Self


You were on level 2 of the Dungeon.
You were not hungry.

You visited 1 branch of the dungeon, and saw 2 of its levels.

You collected 71 gold pieces.

Inventory:

Hand Weapons
 a - a +1 long sword (weapon)
Missiles
 e - 38 stones (quivered)
Armour
 b - a +0 scale mail (worn)
 c - a +0 kite shield (worn)
Scrolls
 h - a scroll of fear
Potions
 d - a potion of might
 i - a potion of heal wounds {unknown}
 j - a potion of brilliance {unknown}
Comestibles
 f - 2 rations
 g - a chunk of flesh


   Skills:
 + Level 3.7 Fighting
 + Level 3.0 Long Blades
 + Level 0.3 Throwing
 + Level 3.9 Armour
 + Level 0.7 Dodging
 + Level 4.1 Shields


You had 3 spell levels left.
You didn't know any spells.
Your spell library was empty.

Dungeon Overview and Level Annotations

Branches:
Dungeon (2/15)

Altars:


Innate Abilities, Weirdness & Mutations

You cannot be hasted, slowed, berserked, paralysed or teleported.
You can dig through walls and to a lower floor.
Your four strong arms can wield two-handed weapons with a shield.
You have a pair of large antennae on your head. (SInv)


Message History

You hit the orc.
You kill the orc!
You block the worm's attack.
Items here: ( )))) [[[ †
Okay, then.
You hit the worm.
The worm is lightly wounded.
The worm bites you.
* * * LOW HITPOINT WARNING * * *
You feel very mighty all of a sudden.
You slash the worm!
The worm is heavily wounded.
You block the worm's attack.
You barely miss the worm.
The worm is heavily wounded.
The worm bites you but does no damage.
You hit the worm.
The worm is severely wounded.
The worm bites you!
You die...

#...##.....##
#(..#.......#
+...'....!..#
#...#.......#
#(..##.....#
#.(.o##...#
####...o#.#.## ####
#.# #oo###w#
...###.# ##.###@##
.......# ##...####
##.###.###.....##
##.................
.......#####.######
.÷.....# #.#
######## #.# # #+#
###


You could see a worm.

Vanquished Creatures
  An orc wizard (D:2)
  An adder (D:2)
  2 dart slugs
  A leopard gecko (D:2)
  4 orcs (D:2)
  A giant cockroach (D:1)
  3 goblins (D:1)
  9 hobgoblins (D:1)
  3 kobolds (D:1)
  A quokka (D:2)
  3 bats (D:1)
  A frilled lizard (D:1)
  3 rats (D:1)
33 creatures vanquished.

Notes
Turn   | Place    | Note
-------+----------+-------------------------------------------
     0 | D:1      | Cykl0x the Formicid Fighter began the quest for the Orb.
     0 | D:1      | Reached XP level 1. HP: 18/18 MP: 1/1
   198 | D:1      | Reached XP level 2. HP: 17/24 MP: 2/2
   657 | D:1      | Reached XP level 3. HP: 29/29 MP: 3/3
  1202 | D:2      | Reached skill level 4 in Shields
  1385 | D:2      | Reached XP level 4. HP: 36/36 MP: 4/4
  1422 | D:2      | Slain by a worm

Illustrated notes

Levels and vault maps discovered:
D:1:      lemuel_arrival_funnel, layout_basic, chequers_serial_rivers_small_a
D:2:      kennysheep_six_static_rooms, layout_loops_corners, first_ration,
          serial_forest, infiniplex_forest_straight_1,
          infiniplex_forest_lined_4_way, infiniplex_forest_lined_3_way,
          infiniplex_forest_clump_small, infiniplex_forest_diagonal,
          infiniplex_forest_end_2, skrybe_limestone_x

Skill      XL: |  1  2  3  4 |
---------------+-------------+-----
Shields        | 4 |  4.1
Long Blades    | 3 |  3.0
Fighting       | |  3.7
Throwing       | |  0.3
Armour         | |  3.9
Dodging        | |  0.7

Action                   |  1- 3 |  4- 6 || total
-------------------------+-------+-------++-------
Melee: Long sword        |   102 |    25 ||   127
Throw: Stone             |    19 |       ||    19
 Abil: Dig               |       |     2 ||     2
  Use: Scroll            |     8 |       ||     8
       Potion            |       |     1 ||     1
  Eat: Chunk             |     2 |       ||     2
Armor: Scale mail        |    64 |     7 ||    71
Dodge: Dodged            |    42 |    12 ||    54
Block: Kite shield       |    58 |    12 ||    70
       Rpst.: Long sword |    19 |     3 ||    22
